 Dungeon Crawl Stone Soup version 0.30-a0-779-g7971cf19c3 (webtiles) character file.

Game seed: 10829306090683820676

293 sanka the Shooter (level 5, 0/45 HPs)
             Began as a Demigod Hunter on Feb 18, 2023.
             Slain by a sky beast (5 damage)
             ... on level 3 of the Dungeon.
             The game lasted 00:03:32 (2520 turns).

sanka the Shooter (Demigod Hunter)                  Turns: 2520, Time: 00:03:33

Health: 0/45       AC:  7    Str: 12    XL:     5   Next: 84%
Magic:  7/7        EV: 12    Int: 11    God:
Gold:   102        SH:  0    Dex: 21    Spells: 4/4 levels left

rFire   . . .      SeeInvis .    a - +0 shortbow
rCold   . . .      Faith    .    (shield currently unavailable)
rNeg    + . .      Spirit   .    f - +2 robe {rN+}
rPois   .          Reflect  .    p - +0 helmet
rElec   .          Harm     .    (no cloak)
rCorr   .          Rampage  .    k - +0 pair of gloves
Will    .....                    n - +0 pair of boots
Stlth   ++                       (no amulet)
HPRegen 0.27/turn                (no ring)
MPRegen 0.10/turn                (no ring)

@: no status effects
A: high MP 1, forlorn, divine attributes
a: no special abilities


You were on level 3 of the Dungeon.
You visited 1 branch of the dungeon, and saw 4 of its levels.

You collected 102 gold pieces.


Innate Abilities, Weirdness & Mutations

You have an increased reservoir of magic. (+10% MP)
You shall have no god before yourself.
Your divine heritage dramatically boosts your attributes as you level up.


   Skills:
 - Level 3.0 Fighting
 + Level 6.3 Ranged Weapons
 - Level 1.7 Dodging
 - Level 0.8 Stealth


You had 4 spell levels left.
You didn't know any spells.
Your spell library contained the following spells:

 Spells                   Type           Power      Damage    Failure   Level
 Dazzling Flash           Conj/Hex       0%         N/A       71%         3
 Iskenderun's Mystic Bla  Conj/Tloc      0%         2d3       98%         4
 Starburst                Conj/Fire      0%         6d3       100%        6

Inventory:

Hand Weapons
 a - a +0 shortbow (weapon)
Armour
 f - a +2 robe of positive energy (worn)
 k - a +0 pair of gloves (worn)
 n - a +0 pair of boots (worn)
 p - a +0 helmet (worn)
Wands
 o - a wand of flame (21)
 r - a wand of light (5)
Scrolls
 b - a scroll of immolation {!r}
 c - 3 scrolls of identify {unknown}
 i - a scroll of fog {unknown}
 l - 4 scrolls of teleportation {unknown}
 m - a scroll of enchant weapon {unknown}
Potions
 d - 4 potions of curing {@q1}
 e - a potion of heal wounds {unknown}
 g - a potion of flight {unknown}
 h - a potion of mutation {unknown}
 j - a potion of degeneration {unknown}
 q - a potion of lignification {unknown}

Dungeon Overview and Level Annotations

Branches:
Dungeon (4/15)
 Temple: D:4-7

Annotations:
D:3 1 runed translucent door, Crazy Yiuf, Terence

▒....▒▒▒............ ▒....▒
▒▒▒.......▒▒▒ ▒▒▒▒▒▒...▒▒▒
▒▒▒......▒▒ ▒▒...▒▒.....▒▒
▒▒▒▒.▒...
▒▒)........▒..▒▒▒▒▒....▒▒▒▒
▒....▒▒▒▒..▒▒.....▒.▒▒▒▒ ▒
▒...)▒ ▒▒.▒▒▒▒▒▒.....▒ ▒
▒fPf.▒ ▒.▒ ▒▒..▒.▒ ▒ ▒...▒▒
▒p▒ ▒▒.▒▒.▒ ▒ ▒▒.▒▒ ▒{▒
▒..▒▒.▒▒▒▒▒ ▒.▒▒ ▒.▒
▒.▒▒▒<..... ▒▒.▒ ▒.▒ ▒▒▒.▒
▒▒▒▒..[ ▒.▒▒ ▒▒.▒▒▒▒...▒
▒... ▒▒.▒ ▒.......▒▒▒ ▒...
▒+▒ ▒<...>..▒ ▒... ...
▒......▒▒ ▒... ▒...▒
▒......▒ ▒...


There were no monsters in sight!


Message History

* * * LOW HITPOINT WARNING * * *
You shoot an arrow. The arrow misses the sky beast.
The sky beast hits you but does no damage.
The sky beast misses you.
You shoot an arrow.
The arrow hits the sky beast but does no damage.
The sky beast is almost dead.
The sky beast hits you but does no damage.
You shoot an arrow. The arrow closely misses the sky beast.
The sky beast barely misses you.
You shoot an arrow.
The arrow hits the sky beast but does no damage.
The sky beast is almost dead.
The sky beast barely misses you.
You shoot an arrow. The arrow hits the sky beast.
The sky beast is almost dead.
The sky beast flickers out of sight!
Deactivating autopickup; reactivate with Ctrl-A.
Something hits you.
* * * LOW HITPOINT WARNING * * *
Something shocks you.
* * * LOW HITPOINT WARNING * * *
It was a potion of curing.
Something hits you.
* * * LOW HITPOINT WARNING * * *
Something shocks you.
You die...

Action                     |  1- 3 |  4- 6 || total
---------------------------+-------+-------++-------
   Fire: Shortbow          |   115 |   155 ||   270
    Use: Potion            |       |     1 ||     1
 Armour: Leather armour    |     5 |       ||     5
         Robe              |     5 |    71 ||    76
  Dodge: Dodged            |    27 |    83 ||   110

Levels and vault maps discovered:
D:1:      lemuel_arrival_funnel, layout_loops_ring
D:2:      cheibrodos_old_hovel, layout_basic
D:3:      layout_rooms, nicolae_overflow_crystal_walls, minmay_between,
          uniq_terence, uniq_crazy_yiuf_cottage, uniq_robin, uniq_ijyb
D:4:      layout_rooms, gammafunk_temple_overflow_elements,
          minmay_temple_entry_nine_rooms

Notes
Turn   | Place    | Note
-------+----------+-------------------------------------------
     0 | D:1      | sanka the Demigod Hunter began the quest for the Orb.
     0 | D:1      | Reached XP level 1. HP: 17/17 MP: 3/3
    36 | D:1      | Reached skill level 2 in Fighting
   156 | D:1      | Reached skill level 4 in Ranged Weapons
   157 | D:1      | Reached XP level 2. HP: 24/24 MP: 4/4
   517 | D:1      | Reached XP level 3. HP: 26/29 MP: 5/5
  1123 | D:2      | Reached skill level 5 in Ranged Weapons
  1198 | D:2      | Reached XP level 4. HP: 36/36 MP: 6/6
  1682 | D:3      | Noticed Terence
  1686 | D:3      | Noticed Ijyb
  1711 | D:3      | Found a runed translucent door.
  1712 | D:3      | Noticed Crazy Yiuf
  1899 | D:3      | Reached skill level 3 in Fighting
  1899 | D:3      | Reached XP level 5. HP: 27/45 MP: 7/7
  1980 | D:3      | Killed Ijyb
  2000 | D:3      | Reached skill level 6 in Ranged Weapons
  2000 | D:3      | Noticed Robin
  2017 | D:3      | Killed Robin
  2488 | D:4      | Noticed a sky beast
  2519 | D:3      | HP: 1/45 [something (6)]
  2520 | D:3      | Slain by a sky beast

Vanquished Creatures
  A hound (D:3)
  A jelly (D:3)
  2 orc wizards (D:3)
  Ijyb (D:3)
  Robin (D:3)
  4 adders
  2 worms (D:3)
  3 dart slugs (D:1)
  3 orcs (D:3)
  6 bats
  10 endoplasms
  2 giant cockroaches (D:2)
  16 goblins
  8 hobgoblins
  6 jackals
  7 quokkas
  5 ball pythons
  5 frilled lizards
  6 kobolds
  3 rats
92 creatures vanquished.
